Map: Jagannatha LE

Players

Reynor - Winner!

  • Race: Zerg Zerg
  • Spawn Location: 1:00

Rogue

  • Race: Zerg Zerg
  • Spawn Location: 7:00

Event: ASUS ROG Online 2020

VOD

Have the link to the VOD?

Description

Time

  • Played on: Nov. 29, 2020, 6:40 a.m.
  • Length: 7:59

All games in this series

Show
View Real Time Build Order
Export as new Build Order

Reynor Zerg - Winner!

Build Orders: Pool First 

Get SALT Encoding   

  12  0:17  Spawning Pool  
  11  0:22  Drone  
  11  0:27  Drone  
  13  0:31  Drone  
  14  0:40  Overlord  
  14  1:04  Zergling x4  
  16  1:05  Zergling x2  
  17  1:16  Zergling x2  
  18  1:18  Hatchery  
  17  1:27  Drone  
  18  1:34  Queen  
  18  1:38  Drone  
  21  1:48  Overlord  
  21  2:01  Drone  
  22  2:08  Extractor  
  21  2:10  Queen, Drone  
  24  2:20  Drone  
  25  2:32  Drone x2  
  27  2:41  Drone  
  27  2:42  Drone  
  27  2:43  Drone  
  30  2:46  Zergling x4  
  31  2:52  Drone  
  31  2:55  Overlord  
  32  3:03  Drone  
  32  3:05  Drone  
  34  3:10  Metabolic Boost  
  34  3:14  Drone  
  34  3:15  Drone x3  
  34  3:16  Drone  
  39  3:20  Drone x2  
  39  3:24  Overlord  
  39  3:27  Drone  
  42  3:29  Drone  
  43  3:36  Drone  
  44  3:44  Hatchery  
  44  3:47  Drone  
  44  3:50  Drone  
  44  3:51  Evolution Chamber  
  44  3:54  Queen  
  46  3:59  Zergling x4  
  48  4:03  Zergling x2  
  48  4:04  Overlord  
  48  4:06  Drone x2  
  48  4:09  Zergling x2  
  52  4:20  Overlord  
  52  4:21  Zerg Missile Weapons Level 1  
  52  4:22  Drone x4  
  56  4:24  Drone  
  56  4:25  Drone  
  56  4:27  Drone  
  56  4:31  Drone  
  60  4:38  Extractor  
  59  4:39  Extractor  
  59  4:40  Roach Warren  
  59  4:42  Drone x3  
  60  4:52  Drone x2  
  61  4:57  Drone  
  61  4:58  Lair  
  61  4:59  Zergling x2  
  63  5:02  Zergling x6  
  63  5:04  Overlord  
  63  5:06  Drone  
  67  5:13  Overlord  
  67  5:21  Roach x3  
  73  5:22  Overlord  
  73  5:23  Roach x2  
  73  5:25  Drone  
  78  5:30  Drone x4  
  78  5:32  Extractor, Roach x2  
  78  5:33  Extractor  
  78  5:34  Drone  
  85  5:37  Drone x2  
  85  5:38  Drone  
  85  5:39  Roach  
  90  5:44  Drone  
  90  5:45  Drone  
  90  5:49  Roach  
  94  5:55  Overlord  
  94  5:57  Roach  
  96  5:58  Overseer  
  96  5:59  Roach, Glial Reconstitution  
  96  6:02  Overlord  
  98  6:10  Overlord x2  
  98  6:12  Overlord  
  98  6:14  Roach x3  
  98  6:15  Roach  
  106  6:21  Roach x4  
  114  6:27  Overlord  
  114  6:30  Roach x5  
  124  6:36  Overlord  
  124  6:39  Roach x3  
  130  6:43  Overlord  
  130  6:46  Roach  
  132  6:48  Roach  
  132  6:49  Roach  
  136  6:55  Roach  
  136  6:58  Roach x3  
  136  7:00  Roach  
  145  7:03  Roach  
  145  7:05  Roach  
  149  7:11  Roach x2  
  149  7:12  Ravager  
  149  7:14  Overlord  
  154  7:17  Overlord  
  154  7:29  Roach  
  153  7:30  Roach x2  
  153  7:31  Roach x2  
  153  7:32  Roach x2  
  153  7:33  Roach x3  
  153  7:37  Roach  
Show
View Real Time Build Order
Export as new Build Order

Rogue Zerg 

Build Orders: Pool First 

Get SALT Encoding   

  12  0:17  Spawning Pool  
  11  0:22  Drone  
  11  0:26  Drone  
  13  0:31  Drone  
  14  0:40  Overlord  
  14  1:04  Zergling x4  
  16  1:05  Zergling x2  
  17  1:18  Queen  
  17  1:25  Drone  
  19  1:34  Hatchery  
  19  1:38  Drone  
  19  1:42  Drone  
  20  1:49  Drone  
  21  2:00  Overlord  
  21  2:10  Drone  
  22  2:22  Queen, Drone  
  23  2:26  Drone x3  
  28  2:34  Drone  
  29  2:44  Drone  
  29  2:48  Overlord  
  29  2:49  Queen  
  32  2:55  Drone  
  32  2:58  Drone x3  
  36  3:06  Overlord  
  36  3:11  Drone  
  36  3:12  Drone  
  38  3:16  Extractor  
  38  3:17  Extractor  
  38  3:18  Drone x2  
  38  3:25  Evolution Chamber  
  37  3:32  Drone x4  
  37  3:33  Drone x4  
  44  3:43  Overlord  
  44  3:46  Drone  
  45  3:48  Roach Warren  
  45  3:52  Evolution Chamber  
  43  4:00  Drone x5  
  43  4:01  Extractor  
  47  4:05  Lair  
  47  4:10  Drone x3  
  47  4:16  Overlord  
  50  4:19  Overlord  
  50  4:20  Drone  
  51  4:26  Zerg Missile Weapons Level 1  
  51  4:28  Overlord  
  51  4:30  Roach  
  52  4:32  Roach  
  52  4:34  Roach  
  56  4:39  Roach x2  
  56  4:42  Roach  
  64  4:45  Roach  
  64  4:49  Roach  
  64  4:51  Roach  
  68  4:54  Roach  
  68  4:57  Roach  
  72  5:02  Overlord  
  72  5:07  Glial Reconstitution  
  72  5:12  Roach  
  72  5:14  Overlord  
  74  5:25  Overseer  
  74  5:27  Hatchery  
  73  5:30  Roach x4  
  73  5:33  Extractor  
  80  5:40  Drone x3  
  80  5:41  Drone x2  
  80  5:42  Overlord  
  85  5:53  Zerg Ground Armor Level 1  
  85  5:55  Drone  
  85  5:56  Drone  
  87  6:02  Drone x4  
  91  6:06  Drone  
  92  6:14  Drone x3  
  92  6:15  Overseer  
  92  6:16  Overlord  
  92  6:18  Overlord  
  95  6:28  Drone x2  
  97  6:32  Extractor  
  97  6:33  Roach x3  
  102  6:44  Extractor, Roach x2, Spire  
  102  6:47  Drone x3  
  106  6:50  Overlord  
  106  6:53  Drone  
  108  6:59  Roach x3  
  108  7:00  Roach  
  118  7:01  Roach  
  118  7:05  Roach  
  120  7:09  Roach  
  120  7:14  Roach  
  120  7:15  Roach x5  
  134  7:16  Roach  
  136  7:23  Overlord  
  131  7:31  Roach x3  
  131  7:33  Roach  
  131  7:34  Roach x2  
  121  7:38  Roach  
Tags
 
Add a new tag
Caveats
  • Supply blocks, unpowered buildings, or Contaminate may cause inaccurate times.
  • Supply counts are checked every 10 seconds.